Map: Inside and Out

Players

Future

  • Race: Terran Terran
  • Spawn Location: 1:00

Jinioh - Winner!

  • Race: Terran Terran
  • Spawn Location: 7:00

Event: DreamHack SC2 Masters 2022 Atlanta (Offline)

VOD

Have the link to the VOD?

Description

Time

  • Played on: Nov. 18, 2022, 10:25 a.m.
  • Length: 9:40

All games in this series

Show
View Real Time Build Order
Export as new Build Order

Future Terran 

Build Orders: Cyclone Opening 

Get SALT Encoding   

  12  0:00  SCV  
  13  0:12  SCV  
  14  0:17  Supply Depot  
  14  0:24  SCV  
  15  0:38  SCV  
  15  0:40  Barracks  
  16  0:43  Refinery  
  16  0:50  SCV  
  16  0:52  Refinery  
  17  1:03  SCV  
  18  1:15  SCV  
  19  1:26  Reaper  
  19  1:27  Orbital Command  
  19  1:28  Supply Depot  
  20  1:41  Factory  
  20  1:52  SCV  
  21  1:58  Reaper  
  22  2:04  SCV  
  23  2:16  SCV  
  23  2:20  Command Center  
  24  2:25  Factory Tech Lab  
  24  2:28  SCV  
  25  2:31  Supply Depot  
  25  2:34  Barracks Reactor  
  25  2:40  SCV  
  26  2:45  Cyclone  
  29  2:53  SCV  
  29  2:57  Starport  
  30  3:05  SCV  
  31  3:11  Marine x2  
  33  3:17  SCV, Refinery  
  34  3:24  Siege Tank  
  37  3:29  SCV, Marine  
  37  3:31  Marine  
  40  3:39  Starport Tech Lab  
  41  3:41  SCV  
  41  3:50  Marine  
  41  3:51  Marine  
  41  3:53  SCV  
  44  3:55  Orbital Command  
  44  3:56  Siege Tank  
  39  4:11  SCV  
  39  4:12  Marine x2  
  38  4:22  SCV  
  34  4:24  Raven  
  34  4:25  SCV  
  34  4:30  Marine  
  34  4:31  Marine  
  37  4:34  SCV  
  37  4:37  SCV  
  39  4:38  Siege Tank  
  42  4:48  SCV, Marine x2  
  42  4:50  SCV  
  45  5:00  Supply Depot, SCV  
  45  5:02  SCV  
  49  5:11  Siege Tank  
  49  5:13  SCV  
  49  5:14  SCV  
  52  5:18  Supply Depot  
  52  5:21  Viking x2, Marine  
  54  5:22  Supply Depot  
  54  5:25  SCV  
  54  5:26  SCV  
  59  5:37  SCV  
  59  5:38  SCV  
  59  5:39  Marine  
  59  5:41  Supply Depot  
  62  5:48  Siege Tank  
  62  5:49  SCV  
  66  5:50  SCV  
  66  5:53  Viking x2  
  71  5:59  Supply Depot  
  71  6:01  SCV, Marine  
  71  6:04  SCV  
  74  6:14  SCV  
  74  6:16  SCV  
  76  6:20  Siege Tank  
  76  6:23  Viking  
  81  6:28  SCV  
  81  6:29  SCV  
  83  6:33  Viking  
  85  6:40  SCV  
  85  6:41  Supply Depot  
  85  6:46  SCV  
  87  6:49  Command Center  
  87  6:53  SCV  
  88  6:54  Siege Tank  
  88  6:57  Viking  
  93  7:03  Viking  
  93  7:04  SCV  
  93  7:08  SCV  
  97  7:11  Supply Depot  
  97  7:12  Supply Depot  
  97  7:13  Refinery  
  97  7:16  SCV  
  97  7:20  SCV  
  98  7:26  Siege Tank  
  98  7:29  SCV  
  102  7:34  Barracks x2  
  102  7:37  SCV  
  102  7:41  SCV  
  98  7:48  Viking x2  
  91  7:53  SCV x2  
  77  8:02  Barracks  
  77  8:03  Barracks  
  76  8:06  SCV x2  
  76  8:10  Orbital Command  
  78  8:17  Siege Tank  
  78  8:18  SCV  
  78  8:19  SCV  
  73  8:26  Viking x2, Marine  
  78  8:28  Marine x2  
  73  8:44  Marine  
  73  8:45  Marine  
  73  8:46  Marine  
  76  8:48  Marine  
  76  8:52  Marine  
  74  9:02  Marine  
  68  9:03  Siege Tank, Marine  
  68  9:04  Marine  
  68  9:06  Marine  
  68  9:09  Marine  
  63  9:20  Marine  
  63  9:21  Marine  
  63  9:22  Marine  
Show
View Real Time Build Order
Export as new Build Order

Jinioh Terran - Winner!

Build Orders:  

Get SALT Encoding   

  12  0:00  SCV  
  13  0:12  SCV  
  14  0:17  Supply Depot  
  14  0:24  SCV  
  15  0:38  SCV  
  15  0:40  Barracks  
  15  0:42  Refinery  
  16  0:50  SCV  
  16  0:52  Refinery  
  17  1:02  SCV  
  18  1:15  SCV  
  19  1:27  Reaper, Orbital Command  
  19  1:31  Supply Depot  
  20  1:42  Factory  
  20  1:52  SCV  
  21  1:59  Barracks Reactor  
  21  2:04  SCV  
  22  2:17  SCV  
  23  2:23  Command Center  
  23  2:28  Hellion  
  25  2:31  SCV  
  25  2:35  Reaper  
  25  2:36  Reaper  
  28  2:42  Supply Depot  
  28  2:49  Hellion  
  30  2:54  SCV  
  31  3:00  Starport  
  31  3:07  Reaper  
  31  3:08  Reaper  
  35  3:13  Hellion  
  35  3:15  SCV  
  36  3:27  SCV  
  37  3:35  Factory Tech Lab  
  37  3:37  Refinery, Orbital Command  
  37  3:39  Marine, Starport Tech Lab  
  37  3:40  Marine  
  39  3:45  Supply Depot  
  40  3:48  SCV  
  40  3:58  Raven  
  40  4:00  SCV  
  39  4:10  Marine x2  
  39  4:11  SCV  
  39  4:14  SCV  
  42  4:18  Cyclone  
  37  4:28  Marine  
  37  4:29  SCV  
  37  4:33  Marine  
  37  4:34  SCV  
  39  4:38  Supply Depot  
  39  4:40  Raven  
  39  4:42  SCV  
  41  4:46  SCV  
  41  4:51  Siege Tank  
  45  4:53  Marine x2  
  45  4:54  SCV  
  48  5:01  Supply Depot  
  48  5:02  Refinery  
  48  5:04  SCV  
  49  5:07  SCV  
  49  5:11  Marine  
  49  5:13  Marine  
  52  5:16  SCV  
  52  5:18  Starport  
  52  5:19  SCV  
  54  5:24  Siege Tank  
  54  5:28  SCV  
  58  5:35  Viking x2  
  62  5:36  SCV  
  62  5:41  SCV  
  64  5:48  SCV  
  64  5:50  Supply Depot  
  64  5:53  SCV  
  64  5:55  Viking  
  67  5:59  Siege Tank  
  67  6:00  SCV  
  71  6:05  Viking, SCV  
  71  6:07  Viking  
  76  6:11  Supply Depot  
  76  6:12  Supply Depot, SCV  
  76  6:17  SCV  
  78  6:24  SCV  
  78  6:25  Viking  
  80  6:31  SCV  
  81  6:35  Viking  
  81  6:36  Viking  
  81  6:37  SCV  
  85  6:43  SCV  
  85  6:46  Siege Tank  
  89  6:47  Supply Depot  
  89  6:50  SCV  
  89  6:55  Viking, SCV  
  92  7:02  SCV  
  92  7:03  Supply Depot  
  92  7:05  Viking  
  92  7:06  Viking  
  92  7:07  SCV  
  95  7:24  Viking  
  95  7:27  SCV  
  98  7:32  Command Center  
  98  7:35  Supply Depot, Viking, SCV  
  98  7:36  Viking  
  103  7:38  Siege Tank  
  103  7:40  SCV  
  92  7:52  SCV  
  92  7:54  Viking  
  91  8:04  Barracks, Viking  
  94  8:06  Viking, Barracks  
  94  8:10  Engineering Bay x2  
  95  8:13  Refinery  
  95  8:14  Refinery  
  95  8:16  SCV  
  88  8:20  SCV  
  88  8:24  Viking  
  88  8:25  Supply Depot  
  91  8:28  SCV  
  91  8:32  SCV  
  93  8:34  Viking  
  93  8:36  Viking  
  97  8:54  Viking  
  99  9:04  Viking  
  99  9:06  Viking, SCV  
Tags
 
Add a new tag
Caveats
  • Supply blocks, unpowered buildings, or Contaminate may cause inaccurate times.
  • Supply counts are checked every 10 seconds.